 Dungeon Crawl Stone Soup version 0.30-a0-1155-gf8af5b4991 (webtiles) character file.

Game seed: 11424401174847170123

228 FlurksSlurper the Sneak (level 5, -1/42 HPs)
             Began as a Demonspawn Brigand on Apr 24, 2023.
             Slain by an orc wizard
             ... wielding a +0 dagger of electrocution
              (8 damage)
             ... on level 3 of the Dungeon.
             The game lasted 00:07:18 (2795 turns).

FlurksSlurper the Sneak (Demonspawn Brigand)        Turns: 2795, Time: 00:07:18

Health: -1/42      AC: 11    Str:  9 (12) XL:     5   Next: 70%
Magic:  7/7        EV:  9    Int: 13 (14) God:
Gold:   130        SH:  0    Dex: 11 (14) Spells: 7/7 levels left

rFire   . . .        h - +0 spear (freeze)
rCold   . . .        (no shield)
rNeg    . . .        y - +0 chain mail
rPois   .            j - +0 helmet
rElec   .            c - +0 cloak
rCorr   .            (no gloves)
SInv    .            r - +0 pair of boots
Will    .....        (no amulet) Stlth
                     (no ring)
HPRegen 0.27/turn    (no ring)
MPRegen 0.20/turn

%: no passive effects
@: agile
A: powered by pain 1, magic regeneration
a: no special abilities


You were on level 3 of the Dungeon.
You visited 1 branch of the dungeon, and saw 4 of its levels.

You collected 130 gold pieces.

Inventory:

Hand Weapons
 a - a +2 dagger
 h - a +0 spear of freezing (weapon)
 u - a +1 dagger of pain
Missiles
 d - 9 poisoned darts (quivered)
 n - 4 javelins
Armour
 b - a +0 robe
 c - a +0 cloak (worn)
 j - a +0 helmet (worn)
 r - a +0 pair of boots (worn)
 y - a +0 chain mail (worn)
Jewellery
 m - a ring of fire
 v - a ring of wizardry
Wands
 x - a wand of iceblast (9)
Scrolls
 l - a scroll of vulnerability
 p - 2 scrolls of poison {unknown}
 q - a scroll of teleportation {unknown}
 t - 2 scrolls of identify {unknown}
 w - a scroll of blinking {unknown}
Potions
 f - a potion of degeneration
 g - a potion of attraction {unknown}
 i - a potion of might {unknown}
 k - 2 potions of curing {unknown}
 o - a potion of brilliance {unknown}
 s - a potion of magic {unknown}


   Skills:
 + Level 3.6 Fighting
 - Level 1.7 Short Blades
 + Level 2.0 Throwing
 - Level 0.8 Dodging
 + Level 5.5 Stealth
 * Level 1.6 Spellcasting


You had 7 spell levels left.
You didn't know any spells.
Your spell library was empty.

Dungeon Overview and Level Annotations

Branches:
Dungeon (4/15)
 Temple: D:4-7

Altars:
Xom

Shops:
D:1 (


Innate Abilities, Weirdness & Mutations

You sometimes gain a little power by taking damage.
You regenerate magic rapidly.


Message History

You barely miss the orc priest.
The orc priest is almost dead.
The orc hits you but does no damage.
The goblin shoots a sling bullet.
The sling bullet hits you.
The orc priest hits you with a +1 falchion of flaming.
The orc priest burns you. The orc closely misses you.
Unknown command.
You hit the orc priest but do no damage.
The orc priest is almost dead.
You kill the orc priest!
A hound comes into view.
The goblin shoots a sling bullet.
The sling bullet closely misses you. The orc hits you with a +0 flail.
The orc closely misses you.
Unknown command.
The orc hits you with a +0 flail. Something hits you but does no damage.
The orc hits you but does no damage.
You climb upwards.
Reactivating autopickup.
There is a stone staircase leading down here.
Unknown command.
You hit the orc. You freeze the orc.
The orc is severely wounded.
The orc hits you with a +0 flail. The orc hits you but does no damage.
Something hits you.
* * * LOW HITPOINT WARNING * * *
Deactivating autopickup; reactivate with Ctrl-A.
Unknown command.
Throw: dart (curare)
Press: ? - help, Shift-Dir - straight line You throw a curare-tipped dart.
The orc hits you with a +0 flail.
* * * LOW HITPOINT WARNING * * *
The orc hits you but does no damage. Something hits you.
* * * LOW HITPOINT WARNING * * *
It was a potion of degeneration.
There was something very wrong with that liquid.
You feel weakened.
You feel dopey.
You feel clumsy.
The orc hits you but does no damage. x2; Something hits you but does no damage.
You are electrocuted!
You die...

.................#.#.......#.# #.
#####...........(#.#.##....#.###.
# ##..)####....#............... #
#...# #....#.#..#....#.###.
######...#######.#...#####.#.###.
.................................
.#...#...............#####.#.###.
.#...#...#######{o...#####.#.# #.
.#...#...#######@o...........###.
.#...#.........###.........#...#.
.#####..######.###.........#....<
.# #.)######................#..
######.......)................##.
...............##.#######.....##.
######..######...รท......+.....###
#..# #......#####.....###
######..######..#.#..............


You could see 2 orcs.

Vanquished Creatures
  An orc priest (D:4)
  Jessica (D:3)
  Ijyb (D:3)
  5 adders
  A worm (D:2)
  2 dart slugs
  An orc (D:3)
  7 endoplasms
  4 giant cockroaches
  8 goblins
  7 hobgoblins
  17 jackals (D:1)
  5 kobolds
  A quokka (D:2)
  9 ball pythons
  6 bats
  5 frilled lizards
  6 rats
87 creatures vanquished.

Notes
Turn   | Place    | Note
-------+----------+-------------------------------------------
     0 | D:1      | FlurksSlurper the Demonspawn Brigand began the quest for
                  | the Orb.
     0 | D:1      | Reached XP level 1. HP: 16/16 MP: 1/1
   153 | D:1      | Reached skill level 4 in Stealth
   153 | D:1      | Gained mutation: You sometimes gain a little power by
                  | taking damage. [demonic ancestry]
   153 | D:1      | Reached XP level 2. HP: 22/22 MP: 2/2
   256 | D:1      | Found Wock's Weapon Emporium.
   340 | D:1      | Reached XP level 3. HP: 19/27 MP: 2/4
   524 | D:1      | Reached skill level 1 in Spellcasting
  1076 | D:2      | Found a shimmering altar of Xom.
  1130 | D:2      | Gained mutation: You regenerate magic rapidly. [demonic
                  | ancestry]
  1130 | D:2      | Reached XP level 4. HP: 34/34 MP: 5/5
  1534 | D:2      | Reached skill level 5 in Stealth
  1968 | D:3      | Noticed Jessica
  1977 | D:3      | Killed Jessica
  1978 | D:3      | Reached XP level 5. HP: 35/41 MP: 7/7
  2523 | D:3      | Noticed Ijyb
  2539 | D:3      | Killed Ijyb
  2795 | D:3      | Slain by an orc wizard

Illustrated notes

Levels and vault maps discovered:
D:1:      grunt_arrival_lava_bath, layout_basic, serial_shops,
          nicolae_shop_trees, hangedman_decor_riveting
D:2:      layout_loops_cross, basic_altar
D:3:      layout_basic, uniq_ijyb, uniq_jessica
D:4:      layout_rooms, minmay_misc_feat_iff, grunt_ministairs_13,
          nicolae_shop_dragon_depot, nicolae_figureground_sparkle

Skill      XL: |  1  2  3  4  5 |
---------------+----------------+-----
Stealth        | 4 5 |  5.5
Spellcasting   | 1 |  1.6
Fighting       | 3 |  3.6
Throwing       | 2 |  2.0
Short Blades   | |  1.7
Dodging        | |  0.8

Action                     |  1- 3 |  4- 6 || total
---------------------------+-------+-------++-------
  Melee: Dagger            |    19 |       ||    19
         Spear             |   169 |   145 ||   314
         Punch             |     2 |     1 ||     3
  Throw: Dart              |       |     6 ||     6
    Use: Scroll            |     1 |       ||     1
         Potion            |       |     1 ||     1
   Stab: Sleeping          |     8 |    11 ||    19
 Armour: Robe              |    70 |    73 ||   143
         Chain mail        |       |     8 ||     8
  Dodge: Dodged            |   156 |   120 ||   276

Table legend: (Time is in decaauts)
 A = Elapsed time spent in this place.
 B = Non-inter-level travel time spent in this place.
 C = Inter-level travel time spent in this place.
 D = Time resting spent in this place.
 E = Time spent auto-exploring this place.
 F = Levels seen in this place.
 G = Mean time per level.
                   A        B        C        D        E       F      G
               +--------+--------+--------+--------+--------+-----+--------+
         Total |   2823 |   2747 |     76 |     16 |   1808 |   4 |  705.8 |
       Dungeon |   2823 |   2747 |     76 |     16 |   1808 |   4 |  705.8 |
               +--------+--------+--------+--------+--------+-----+--------+

Top non-repeatable levels by time:
     D:2: 1009 daAuts
     D:3: 972 daAuts
     D:1: 834 daAuts
     D:4: 6 daAuts
